 Dungeon Crawl Stone Soup version 0.18.1-48-g4cf74bf (webtiles) character file.

1421 TuxedoFelix the Blocker (level 8, -4/66 HPs)
             Began as a Minotaur Fighter on July 21, 2016.
             Was an Initiate of Ru.
             Slain by a hill giant
             ... wielding a +0 giant club
              (27 damage)
             ... on level 6 of the Dungeon.
             The game lasted 00:29:48 (5560 turns).

TuxedoFelix the Blocker (Minotaur Fighter)          Turns: 5560, Time: 00:29:48

Health: -4/66      AC: 10    Str: 23    XL:     8   Next: 44%
Magic:  6/6        EV:  9    Int:  5    God:    Ru [......]
Gold:   110        SH: 11    Dex: 10    Spells: 0 memorised, 7 levels left

rFire  . . .     SeeInvis .     a - +0 war axe
rCold  + . .     Gourm    .     b - +0 chain mail {rC+}
rNeg   . . .     Faith    .     c - +0 shield
rPois  .         Spirit   .     (helmet restricted)
rElec  .         Dismiss  .     (no cloak)
rCorr  .         Reflect  .     (no gloves)
SustAt .         Harm     .     n - +0 pair of boots
MR     .....                    (no amulet)
Stlth  ..........               (no ring)
                                (no ring)

@: not resistant to hostile enchantments, extremely unstealthy
A: retaliatory headbutt, horns 2, low mp 1
a: Renounce Religion


You were on level 6 of the Dungeon.
You worshipped Ru.
Ru was noncommittal.
You were hungry.

You visited 1 branch of the dungeon, and saw 6 of its levels.

You collected 275 gold pieces.
You spent 165 gold pieces at shops.

Inventory:

Hand Weapons
 a - a +0 war axe (weapon)
Missiles
 j - 8 tomahawks (quivered)
Armour
 b - a +0 chain mail of cold resistance (worn)
 c - a +0 shield (worn)
 n - a +0 pair of boots (worn)
Jewellery
 A - an uncursed amulet of regeneration {unknown}
Scrolls
 h - a scroll of brand weapon {unknown}
 l - 3 scrolls of amnesia
 m - 2 scrolls of remove curse
 p - a scroll of immolation {unknown}
 q - 2 scrolls of blinking {unknown}
 s - a scroll of enchant weapon {unknown}
 t - 4 scrolls of fear {unknown}
 u - a scroll of recharging {unknown}
 w - 2 scrolls of enchant armour {unknown}
 y - a scroll of magic mapping
Potions
 d - a potion of might
 e - a potion of haste
 i - 2 potions of curing
 k - 3 potions of resistance
 o - a potion of degeneration {unknown}
 v - a potion of agility {unknown}
 x - a potion of berserk rage {unknown}
 z - a potion of magic {unknown}
Comestibles
 f - 3 bread rations
 g - 5 meat rations
 r - 3 fruits


   Skills:
 - Level 3.8 Fighting
 * Level 7.5 Axes
 - Level 4.1 Armour
 * Level 6.3 Dodging
 * Level 8.0 Shields


You had 7 spell levels left.
You didn't know any spells.

Dungeon Overview and Level Annotations

Branches:
Dungeon (6/15)
 Temple: D:4-7

Altars:
Elyvilon
Gozag
Ru

Shops:
D:5 %=


Innate Abilities, Weirdness & Mutations

You reflexively headbutt those who attack you in melee.
You have a pair of horns on your head.
Your magical capacity is low (-10% MP).


Message History

You now have 102 gold pieces (gained 20).
You see here a long sword.
You now have 110 gold pieces (gained 8).
A hill giant comes into view. It is wielding a giant club.
You slash the hill giant!
The hill giant is lightly wounded.
The hill giant hits you with a giant club!!
You hit the hill giant. You headbutt the hill giant.
The hill giant is moderately wounded.
The hill giant hits you with a giant club!
Your chain mail prevents you from hitting the hill giant.
You headbutt the hill giant.
The hill giant is moderately wounded.
You hit the hill giant.
The hill giant is moderately wounded.
You block the hill giant's attack.
You slash the hill giant!
The hill giant is heavily wounded.
The hill giant hits you with a giant club!!
You die...

... ... #.........
#.. ......... #####..
.....<.. .......
#....... .....
#....(.. #..##
....... #C@## #.....
#...######.. #....
##.......... ##....
###...##########.....
#....## #.##...
#...#...# #.#..#.
...#####.## #...###
.. ##.##### #...##.
#..##.## ##.....


You could see a hill giant.

Vanquished Creatures
  The ghost of Diesel the Skirmisher, a novice HOFi of Nemelex Xobeh (D:5)
  A phantom (D:5)
  A sky beast (D:5)
  An ogre (D:6)
  2 centaurs (D:5)
  A jelly (D:5)
  A centaur zombie (D:5)
  A giant frog zombie (D:4)
  2 orc wizards (D:5)
  3 iguanas
  5 worker ants
  A hound skeleton (D:5)
  A worker ant zombie (D:6)
  8 river rats (D:4)
  11 adders
  A shadow imp (D:5)
  An adder zombie (D:6)
  An adder skeleton (D:4)
  4 worms
  4 dart slugs
  5 giant geckos
  10 orcs
  A ball python (D:5)
  2 giant cockroaches (D:2)
  5 goblins
  2 hobgoblins
  5 kobolds
  3 quokkas
  6 bats
  5 giant newts
  17 rats
112 creatures vanquished.

Notes
Turn   | Place    | Note
--------------------------------------------------------------
     0 | D:1      | TuxedoFelix the Minotaur Fighter began the quest for the Orb.
     0 | D:1      | Reached XP level 1. HP: 19/19 MP: 0/0
   223 | D:1      | Reached XP level 2. HP: 22/27 MP: 1/1
   655 | D:1      | Reached skill level 4 in Shields
  1089 | D:2      | Reached XP level 3. HP: 33/33 MP: 2/2
  1377 | D:2      | Reached skill level 1 in Dodging
  1595 | D:2      | Reached XP level 4. HP: 40/40 MP: 3/3
  1758 | D:2      | Found a white marble altar of Elyvilon.
  1760 | D:2      | Found a sacrificial altar of Ru.
  1767 | D:2      | Found an opulent altar of Gozag.
  1785 | D:2      | Became a worshipper of Ru the Awakened
  2692 | D:4      | Reached skill level 5 in Shields
  2692 | D:4      | Reached XP level 5. HP: 25/46 MP: 4/4
  3393 | D:4      | Reached XP level 6. HP: 52/52 MP: 5/5
  3739 | D:4      | Gained mutation: Your magical capacity is low (-10% MP). [Ru sacrifice]
  3752 | D:5      | Entered Level 5 of the Dungeon
  3752 | D:5      | Found Bokeliall's Food Shoppe.
  3754 | D:5      | Noticed Diesel's ghost (novice HOFi)
  3759 | D:5      | Bought a meat ration for 55 gold pieces
  3759 | D:5      | Bought a meat ration for 55 gold pieces
  3759 | D:5      | Bought a meat ration for 55 gold pieces
  3783 | D:5      | Killed Diesel's ghost
  3783 | D:5      | Reached skill level 5 in Axes
  3783 | D:5      | Reached skill level 6 in Shields
  3783 | D:5      | Reached XP level 7. HP: 11/58 MP: 5/5
  4225 | D:5      | Reached skill level 5 in Dodging
  4228 | D:5      | Reached skill level 7 in Shields
  4420 | D:5      | Reached XP level 8. HP: 52/66 MP: 6/6
  4808 | D:5      | Found Dounkerr's Jewellery Shoppe.
  5348 | D:6      | Reached skill level 8 in Shields
  5553 | D:6      | Noticed a hill giant
  5560 | D:6      | Slain by a hill giant

Skill      XL: |  1  2  3  4  5  6  7  8 |
---------------+-------------------------+-----
Armour         | 4 |  4.1
Shields        | 4 5 6 7 8 |  8.0
Axes           | 3 4 5 6 7 |  7.5
Dodging        | 1 2 3 4 5 6 |  6.3
Fighting       | |  3.8

Action                   |  1- 3 |  4- 6 |  7- 9 || total
-------------------------+-------+-------+-------++-------
Melee: War axe           |    88 |   192 |   109 ||   389
       Headbutt          |    11 |    31 |    27 ||    69
Throw: Tomahawk          |       |     4 |       ||     4
Invok: Sacrifice Essence |       |     1 |       ||     1
  Use: Scroll            |     5 |     3 |     1 ||     9
       Potion            |       |     1 |       ||     1
  Eat: Chunk             |     1 |     4 |       ||     5
       Bread ration      |       |     1 |       ||     1
       Meat ration       |       |       |     1 ||     1
Armor: Scale mail        |    41 |    30 |       ||    71
       Chain mail        |       |    44 |    50 ||    94
Dodge: Dodged            |    28 |    55 |    28 ||   111
Block: Shield            |    42 |   116 |    73 ||   231
